[ PARTIDA AOE2 · #459752354 ]
UnrankedBizantinos vs Bohemians
[ ANÁLISIS DE REPETICIÓN · EXTRAÍDO DE LA PARTIDA GRABADA ]
Feudal
12:36
Castillos
17:10
Imperial
29:25
| APM promedio | 42.1 |
| APM pico | 97 |
| eAPM promedio | 27.7 |
| Aldeanos / militares | 215 / 1315 |
Foco
⚔️ 43.1% · 🌾 56.9%
Skirmisher ×1094 · Genitour ×191 · Fishing Ship ×19 · Battering Ram ×13 · Trebuchet (Packed) ×11 · Spearman ×3
Feudal
12:33
Castillos
17:48
Imperial
30:55
| APM promedio | 27.2 |
| APM pico | 62 |
| eAPM promedio | 21.2 |
| Aldeanos / militares | 187 / 347 |
Foco
⚔️ 31.3% · 🌾 68.7%
Boyar ×161 · Militia ×98 · Spearman ×70 · Battering Ram ×10 · Fishing Ship ×8 · Trade Cart ×7
Feudal
10:31
Castillos
14:26
Imperial
27:13
| APM promedio | 51.8 |
| APM pico | 101 |
| eAPM promedio | 36.0 |
| Aldeanos / militares | 171 / 565 |
Foco
⚔️ 54.8% · 🌾 45.2%
Spearman ×481 · Hand Cannoneer ×45 · Bombard Cannon ×36 · Trade Cart ×27 · Monk ×3
Feudal
10:35
Castillos
14:13
Imperial
31:16
| APM promedio | 31.8 |
| APM pico | 82 |
| eAPM promedio | 20.0 |
| Aldeanos / militares | 137 / 323 |
Foco
⚔️ 26.4% · 🌾 73.6%
Serjeant ×308 · Trade Cart ×17 · Trebuchet (Packed) ×9 · Monk ×6
Feudal
13:04
Castillos
16:50
Imperial
32:09
| APM promedio | 28.7 |
| APM pico | 75 |
| eAPM promedio | 19.2 |
| Aldeanos / militares | 85 / 207 |
Foco
⚔️ 30.8% · 🌾 69.2%
Scout Cavalry ×106 · Obuch ×63 · Spearman ×38 · Trade Cart ×4 · Fishing Ship ×3
Feudal
11:39
Castillos
15:24
Imperial
33:38
| APM promedio | 44.2 |
| APM pico | 104 |
| eAPM promedio | 25.2 |
| Aldeanos / militares | 145 / 416 |
Foco
⚔️ 39.0% · 🌾 61.0%
Knight ×329 · Trade Cart ×46 · Camel Archer ×35 · Scout Cavalry ×35 · Trebuchet (Packed) ×16 · Monk ×1
Feudal
10:12
Castillos
16:12
Imperial
29:37
| APM promedio | 42.9 |
| APM pico | 94 |
| eAPM promedio | 29.5 |
| Aldeanos / militares | 219 / 276 |
Foco
⚔️ 35.8% · 🌾 64.2%
Chu Ko Nu ×78 · Spearman ×75 · Scorpion ×56 · Iron Pagoda ×28 · Trade Cart ×26 · Fishing Ship ×24
Feudal
8:55
Castillos
20:12
Imperial
27:06
| APM promedio | 65.5 |
| APM pico | 105 |
| eAPM promedio | 40.7 |
| Aldeanos / militares | 201 / 141 |
Foco
⚔️ 33.9% · 🌾 66.1%
Skirmisher ×85 · Bombard Cannon ×55 · Fishing Ship ×21 · Trade Cart ×12 · Battering Ram ×1
Mapa de la partida
Recursos iniciales + cada clic de construcción. Líneas = muros · curvas = relieve. ◆ oro · ⬟ piedra · ● bayas · ✦ reliquia · ◌ hueco del cierre
Tu base· Abierta — el rival se encerró
Base de 直肠的冒险家习维尼· Abierta — el rival se encerró
Base de Fantasy· ✓ Cerrada en 14:26 · 13t muro · 2 puerta(s)
Base de Thomi· Abierta — el rival se encerró
Base de Lynx_at_Arms· ✓ Cerrada en 16:50 · 39t muro · sin puerta
Base de [SyNx] NairodX· Abierta — el rival se encerró
Base de [KoFu] Might_lloll· ✓ Cerrada en 16:12 · 0t muro · sin puerta
Base de Elite Female Villager· ✓ Cerrada en 20:12 · 11t muro · sin puerta
Terreno inicial suavizado · ◌ = hueco del cierre detectado · pasá el cursor para detalles
Inputs por minuto
— 网恋被骗500金 - - 直肠的冒险家习维尼
Build order — 网恋被骗500金
Primeras 150 de 813 acciones detectadas
| 0:00 | Crear | Villager (Male) |
| 0:01 | Crear | Villager (Male) |
| 0:01 | Crear | Villager (Male) |
| 0:02 | Construir | House |
| 0:03 | Construir | House |
| 0:09 | Crear | Villager (Male) |
| 0:09 | Crear | Villager (Male) |
| 0:17 | Crear | Villager (Male) |
| 0:17 | Crear | Villager (Male) |
| 0:18 | Crear | Villager (Male) |
| 0:18 | Crear | Villager (Male) |
| 1:23 | Crear | Villager (Male) |
| 1:24 | Crear | Villager (Male) |
| 1:30 | Investigar | Loom |
| 1:31 | Crear | Villager (Male) |
| 1:32 | Crear | Villager (Male) |
| 2:01 | Crear | Villager (Male) |
| 2:01 | Crear | Villager (Male) |
| 2:20 | Construir | Palisade Wall |
| 2:25 | Construir | Palisade Wall |
| 2:30 | Construir | Palisade Wall |
| 2:32 | Crear | Villager (Male) |
| 2:32 | Crear | Villager (Male) |
| 2:49 | Crear | Villager (Male) |
| 2:49 | Crear | Villager (Male) |
| 3:10 | Construir | Lumber Camp |
| 3:15 | Crear | Villager (Male) |
| 3:15 | Crear | Villager (Male) |
| 3:39 | Crear | Villager (Male) |
| 3:39 | Crear | Villager (Male) |
| 3:51 | Crear | Villager (Male) |
| 3:52 | Crear | Villager (Male) |
| 4:10 | Construir | House |
| 4:23 | Crear | Villager (Male) |
| 4:38 | Construir | House |
| 5:08 | Crear | Villager (Male) |
| 5:08 | Crear | Villager (Male) |
| 5:13 | Crear | Villager (Male) |
| 5:13 | Crear | Villager (Male) |
| 5:39 | Crear | Villager (Male) |
| 5:39 | Crear | Villager (Male) |
| 5:46 | Construir | House |
| 5:48 | Construir | House |
| 6:21 | Crear | Villager (Male) |
| 6:22 | Crear | Villager (Male) |
| 6:59 | Crear | Villager (Male) |
| 6:59 | Crear | Villager (Male) |
| 6:59 | Crear | Villager (Male) |
| 6:59 | Crear | Villager (Male) |
| 7:08 | Construir | Mill |
| 7:29 | Crear | Villager (Male) |
| 7:29 | Crear | Villager (Male) |
| 8:12 | Construir | Mill |
| 8:15 | Crear | Villager (Male) |
| 8:49 | Construir | Mining Camp |
| 9:02 | Construir | Palisade Wall |
| 9:05 | Crear | Villager (Male) |
| 9:25 | Construir | Palisade Wall |
| 9:27 | Crear | Villager (Male) |
| 9:48 | Construir | Palisade Wall |
| 9:52 | Construir | Palisade Wall |
| 9:57 | Crear | Villager (Male) |
| 10:16 | Construir | Palisade Wall |
| 10:18 | Crear | Villager (Male) |
| 10:25 | Investigar | Feudal Age |
| 11:30 | Construir | House |
| 11:43 | Crear | Villager (Male) |
| 11:43 | Crear | Villager (Male) |
| 12:03 | Construir | House |
| 12:14 | Construir | House |
| 12:36 | Edad | Edad Feudal |
| 12:40 | Construir | Market |
| 12:47 | Crear | Villager (Male) |
| 13:36 | Construir | Lumber Camp |
| 13:38 | Crear | Villager (Male) |
| 13:39 | Crear | Villager (Male) |
| 13:55 | Construir | Blacksmith |
| 14:03 | Investigar | Double-Bit Axe |
| 14:04 | Investigar | Double-Bit Axe |
| 14:30 | Investigar | Castle Age |
| 14:30 | Investigar | Castle Age |
| 15:00 | Investigar | Horse Collar |
| 15:00 | Investigar | Horse Collar |
| 15:10 | Construir | Lumber Camp |
| 16:02 | Construir | Farm |
| 16:03 | Construir | Farm |
| 16:06 | Construir | Farm |
| 16:09 | Construir | Farm |
| 16:49 | Crear | Villager (Male) |
| 17:06 | Construir | Dock |
| 17:10 | Edad | Edad de los Castillos |
| 17:11 | Construir | Town Center |
| 17:12 | Crear | Villager (Male) |
| 17:13 | Investigar | Bow Saw |
| 17:13 | Investigar | Bow Saw |
| 17:38 | Crear | Villager (Male) |
| 17:41 | Construir | Farm |
| 17:43 | Construir | Farm |
| 17:45 | Construir | Farm |
| 17:48 | Construir | Farm |
| 17:52 | Crear | Demolition Raft |
| 18:05 | Construir | Dock |
| 18:07 | Crear | Villager (Male) |
| 18:26 | Crear | Fishing Ship |
| 18:38 | Crear | Fishing Ship |
| 18:45 | Crear | Villager (Male) |
| 18:49 | Construir | Town Center |
| 18:55 | Crear | Fishing Ship |
| 18:55 | Crear | Fishing Ship |
| 19:05 | Crear | Villager (Male) |
| 19:05 | Crear | Villager (Male) |
| 19:05 | Crear | Villager (Male) |
| 19:05 | Crear | Villager (Male) |
| 19:18 | Crear | Villager (Male) |
| 19:32 | Crear | Fishing Ship |
| 19:32 | Crear | Fishing Ship |
| 19:45 | Construir | Farm |
| 19:46 | Construir | Farm |
| 19:49 | Construir | Farm |
| 19:51 | Crear | Villager (Male) |
| 19:53 | Construir | Farm |
| 19:55 | Construir | Farm |
| 19:57 | Construir | Farm |
| 19:59 | Crear | Villager (Male) |
| 19:59 | Crear | Villager (Male) |
| 20:02 | Construir | Farm |
| 20:04 | Construir | Farm |
| 20:05 | Crear | Villager (Male) |
| 20:18 | Crear | Villager (Male) |
| 20:30 | Construir | House |
| 20:31 | Construir | House |
| 20:34 | Crear | Villager (Male) |
| 20:34 | Crear | Villager (Male) |
| 20:39 | Construir | House |
| 20:40 | Construir | House |
| 20:41 | Construir | House |
| 20:43 | Construir | House |
| 20:45 | Crear | Villager (Male) |
| 20:49 | Crear | Villager (Male) |
| 20:53 | Crear | Fishing Ship |
| 20:53 | Crear | Fishing Ship |
| 20:55 | Crear | Fishing Ship |
| 20:58 | Crear | Villager (Male) |
| 20:58 | Crear | Villager (Male) |
| 21:07 | Crear | Villager (Male) |
| 21:07 | Crear | Villager (Male) |
| 21:17 | Crear | Villager (Male) |
| 21:21 | Crear | Villager (Male) |
| 21:27 | Crear | Fishing Ship |
| 21:27 | Crear | Fishing Ship |
Build order — 直肠的冒险家习维尼
Primeras 150 de 500 acciones detectadas
| 0:01 | Crear | Villager (Male) |
| 0:01 | Crear | Villager (Male) |
| 0:02 | Crear | Villager (Male) |
| 0:02 | Crear | Villager (Male) |
| 0:04 | Construir | House |
| 0:08 | Construir | House |
| 1:24 | Investigar | Loom |
| 1:38 | Crear | Villager (Male) |
| 1:38 | Crear | Villager (Male) |
| 2:28 | Crear | Villager (Male) |
| 2:29 | Crear | Villager (Male) |
| 2:29 | Crear | Villager (Male) |
| 2:55 | Construir | Palisade Wall |
| 2:57 | Crear | Villager (Male) |
| 2:58 | Crear | Villager (Male) |
| 3:24 | Crear | Villager (Male) |
| 3:25 | Crear | Villager (Male) |
| 3:52 | Crear | Villager (Male) |
| 3:52 | Crear | Villager (Male) |
| 4:06 | Crear | Villager (Male) |
| 4:07 | Crear | Villager (Male) |
| 4:10 | Construir | Lumber Camp |
| 4:30 | Construir | House |
| 4:44 | Crear | Villager (Male) |
| 4:45 | Crear | Villager (Male) |
| 5:23 | Construir | Lumber Camp |
| 5:39 | Crear | Villager (Male) |
| 5:40 | Crear | Villager (Male) |
| 5:40 | Crear | Villager (Male) |
| 5:58 | Construir | House |
| 6:15 | Crear | Villager (Male) |
| 6:15 | Crear | Villager (Male) |
| 6:25 | Construir | House |
| 6:56 | Crear | Villager (Male) |
| 6:56 | Crear | Villager (Male) |
| 6:56 | Crear | Villager (Male) |
| 6:56 | Crear | Villager (Male) |
| 7:06 | Construir | Mill |
| 7:19 | Crear | Villager (Male) |
| 7:19 | Crear | Villager (Male) |
| 7:50 | Crear | Villager (Male) |
| 8:29 | Crear | Villager (Male) |
| 8:42 | Construir | Mining Camp |
| 9:38 | Construir | House |
| 9:42 | Construir | Palisade Wall |
| 9:58 | Crear | Villager (Male) |
| 9:58 | Crear | Villager (Male) |
| 10:06 | Construir | Palisade Wall |
| 10:20 | Investigar | Feudal Age |
| 10:42 | Construir | Lumber Camp |
| 10:51 | Construir | Mill |
| 11:02 | Construir | Dock |
| 12:03 | Crear | Fishing Ship |
| 12:03 | Crear | Fishing Ship |
| 12:08 | Crear | Villager (Male) |
| 12:09 | Crear | Villager (Male) |
| 12:33 | Edad | Edad Feudal |
| 12:44 | Construir | Blacksmith |
| 12:55 | Crear | Villager (Male) |
| 12:55 | Crear | Villager (Male) |
| 13:02 | Construir | House |
| 13:33 | Construir | Outpost |
| 13:57 | Construir | Mining Camp |
| 14:17 | Crear | Villager (Male) |
| 14:17 | Crear | Villager (Male) |
| 14:27 | Construir | Market |
| 15:08 | Investigar | Castle Age |
| 15:08 | Investigar | Castle Age |
| 15:24 | Construir | House |
| 15:25 | Construir | House |
| 15:53 | Investigar | Double-Bit Axe |
| 15:53 | Investigar | Double-Bit Axe |
| 15:57 | Investigar | Horse Collar |
| 15:57 | Investigar | Horse Collar |
| 16:21 | Construir | Stone Wall |
| 16:45 | Construir | Farm |
| 16:46 | Construir | Farm |
| 16:47 | Construir | Farm |
| 16:49 | Construir | Farm |
| 17:07 | Construir | Stone Wall |
| 17:08 | Construir | Stone Wall |
| 17:09 | Construir | Stone Wall |
| 17:28 | Crear | Villager (Male) |
| 17:28 | Crear | Villager (Male) |
| 17:29 | Crear | Villager (Male) |
| 17:48 | Edad | Edad de los Castillos |
| 17:54 | Construir | Town Center |
| 18:21 | Investigar | Bow Saw |
| 18:21 | Investigar | Bow Saw |
| 18:26 | Crear | Villager (Male) |
| 18:26 | Crear | Villager (Male) |
| 18:58 | Crear | Villager (Male) |
| 18:58 | Crear | Villager (Male) |
| 18:59 | Crear | Villager (Male) |
| 19:14 | Construir | Town Center |
| 19:21 | Crear | Villager (Male) |
| 19:21 | Crear | Villager (Male) |
| 19:21 | Crear | Villager (Male) |
| 19:30 | Construir | Farm |
| 19:32 | Construir | Farm |
| 19:34 | Crear | Villager (Male) |
| 19:34 | Crear | Villager (Male) |
| 19:47 | Construir | Farm |
| 19:56 | Investigar | Wheelbarrow |
| 19:57 | Crear | Villager (Male) |
| 19:57 | Crear | Villager (Male) |
| 20:01 | Construir | Fish Trap |
| 20:17 | Construir | Farm |
| 20:20 | Construir | Farm |
| 20:23 | Construir | Farm |
| 20:32 | Construir | Farm |
| 20:48 | Construir | Fish Trap |
| 20:52 | Crear | Villager (Male) |
| 20:53 | Crear | Villager (Male) |
| 20:53 | Crear | Villager (Male) |
| 20:53 | Crear | Villager (Male) |
| 21:11 | Crear | Villager (Male) |
| 21:11 | Crear | Villager (Male) |
| 21:11 | Crear | Villager (Male) |
| 21:14 | Construir | Monastery |
| 21:28 | Investigar | Heavy Plow |
| 21:31 | Crear | Villager (Male) |
| 21:31 | Crear | Villager (Male) |
| 21:35 | Crear | Villager (Male) |
| 21:36 | Crear | Villager (Male) |
| 21:38 | Construir | Farm |
| 21:38 | Construir | Farm |
| 21:39 | Construir | Farm |
| 21:39 | Construir | Farm |
| 21:43 | Construir | Farm |
| 21:48 | Crear | Villager (Male) |
| 21:48 | Crear | Villager (Male) |
| 21:53 | Crear | Monk |
| 22:09 | Crear | Villager (Male) |
| 22:09 | Crear | Villager (Male) |
| 22:14 | Construir | Farm |
| 22:17 | Construir | Farm |
| 22:19 | Construir | Farm |
| 22:20 | Construir | Farm |
| 22:21 | Construir | Farm |
| 22:25 | Construir | Farm |
| 22:25 | Crear | Villager (Male) |
| 22:26 | Crear | Villager (Male) |
| 22:26 | Crear | Villager (Male) |
| 22:28 | Crear | Fishing Ship |
| 22:28 | Crear | Fishing Ship |
| 22:35 | Construir | Farm |
| 22:35 | Construir | Farm |
| 22:37 | Construir | Farm |
| 22:41 | Crear | Villager (Male) |
Build order — Fantasy
Primeras 150 de 986 acciones detectadas
| 0:01 | Crear | Villager (Male) |
| 0:02 | Construir | House |
| 0:04 | Construir | House |
| 0:08 | Crear | Villager (Male) |
| 0:09 | Crear | Villager (Male) |
| 0:11 | Crear | Villager (Male) |
| 0:11 | Crear | Villager (Male) |
| 1:25 | Crear | Villager (Male) |
| 2:00 | Crear | Villager (Male) |
| 2:00 | Crear | Villager (Male) |
| 2:19 | Crear | Villager (Male) |
| 2:20 | Crear | Villager (Male) |
| 2:35 | Construir | Lumber Camp |
| 2:43 | Crear | Villager (Male) |
| 2:44 | Crear | Villager (Male) |
| 3:01 | Crear | Villager (Male) |
| 3:27 | Construir | House |
| 3:34 | Crear | Villager (Male) |
| 3:34 | Crear | Villager (Male) |
| 3:52 | Crear | Villager (Male) |
| 3:55 | Construir | House |
| 4:19 | Crear | Villager (Male) |
| 4:19 | Crear | Villager (Male) |
| 4:31 | Construir | Mill |
| 4:52 | Crear | Villager (Male) |
| 5:06 | Construir | Palisade Wall |
| 5:08 | Construir | Palisade Wall |
| 5:11 | Construir | Palisade Gate |
| 5:14 | Construir | Palisade Wall |
| 5:16 | Crear | Villager (Male) |
| 5:16 | Crear | Villager (Male) |
| 5:19 | Construir | Palisade Wall |
| 5:23 | Construir | Palisade Wall |
| 5:26 | Construir | Palisade Wall |
| 5:29 | Construir | Palisade Wall |
| 5:31 | Construir | Palisade Wall |
| 5:38 | Construir | Palisade Wall |
| 5:40 | Construir | Palisade Wall |
| 5:48 | Crear | Villager (Male) |
| 5:49 | Crear | Villager (Male) |
| 6:00 | Construir | House |
| 6:03 | Crear | Villager (Male) |
| 6:03 | Crear | Villager (Male) |
| 6:09 | Construir | Palisade Wall |
| 6:38 | Construir | Palisade Wall |
| 6:42 | Construir | Palisade Gate |
| 6:44 | Crear | Villager (Male) |
| 6:47 | Construir | Palisade Wall |
| 6:48 | Construir | Palisade Gate |
| 7:19 | Crear | Villager (Male) |
| 7:49 | Crear | Villager (Male) |
| 8:14 | Investigar | Feudal Age |
| 8:14 | Investigar | Feudal Age |
| 8:16 | Construir | Mining Camp |
| 8:41 | Construir | Farm |
| 9:02 | Construir | Farm |
| 9:15 | Crear | Villager (Male) |
| 9:40 | Construir | Farm |
| 10:11 | Construir | Farm |
| 10:15 | Construir | Farm |
| 10:31 | Edad | Edad Feudal |
| 10:32 | Construir | Market |
| 10:38 | Crear | Villager (Male) |
| 10:45 | Construir | Blacksmith |
| 10:56 | Crear | Villager (Male) |
| 11:23 | Construir | Farm |
| 11:45 | Investigar | Castle Age |
| 11:46 | Investigar | Castle Age |
| 11:50 | Construir | Lumber Camp |
| 11:57 | Construir | Lumber Camp |
| 12:21 | Investigar | Double-Bit Axe |
| 12:48 | Investigar | Horse Collar |
| 12:48 | Investigar | Horse Collar |
| 13:17 | Construir | House |
| 13:24 | Crear | Villager (Male) |
| 14:26 | Edad | Edad de los Castillos |
| 14:30 | Investigar | Bow Saw |
| 14:30 | Investigar | Bow Saw |
| 14:34 | Construir | Town Center |
| 14:40 | Crear | Villager (Male) |
| 14:44 | Construir | Town Center |
| 14:49 | Construir | Farm |
| 14:52 | Construir | Farm |
| 14:58 | Crear | Villager (Male) |
| 15:20 | Construir | Farm |
| 15:24 | Crear | Villager (Male) |
| 15:44 | Crear | Villager (Male) |
| 16:03 | Construir | Farm |
| 16:05 | Construir | Farm |
| 16:08 | Construir | Farm |
| 16:09 | Crear | Villager (Male) |
| 16:14 | Crear | Villager (Male) |
| 16:17 | Crear | Villager (Male) |
| 16:19 | Crear | Villager (Male) |
| 16:22 | Construir | Farm |
| 16:27 | Crear | Villager (Male) |
| 16:27 | Crear | Villager (Male) |
| 16:33 | Construir | Farm |
| 16:41 | Construir | Farm |
| 16:56 | Crear | Villager (Male) |
| 16:56 | Crear | Villager (Male) |
| 16:58 | Construir | Farm |
| 17:07 | Construir | House |
| 17:08 | Construir | House |
| 17:10 | Crear | Villager (Male) |
| 17:12 | Crear | Villager (Male) |
| 17:23 | Crear | Villager (Male) |
| 17:29 | Crear | Villager (Male) |
| 17:36 | Construir | Monastery |
| 17:50 | Crear | Villager (Male) |
| 17:59 | Crear | Villager (Male) |
| 18:01 | Crear | Villager (Male) |
| 18:11 | Crear | Villager (Male) |
| 18:14 | Crear | Villager (Male) |
| 18:18 | Construir | Town Center |
| 18:23 | Construir | House |
| 18:27 | Construir | Farm |
| 18:29 | Construir | Farm |
| 18:32 | Crear | Villager (Male) |
| 18:36 | Crear | Villager (Male) |
| 18:42 | Construir | Farm |
| 18:46 | Investigar | Fervor |
| 18:46 | Investigar | Fervor |
| 18:48 | Crear | Villager (Male) |
| 18:51 | Construir | House |
| 18:54 | Crear | Villager (Male) |
| 18:56 | Construir | Farm |
| 18:57 | Construir | Farm |
| 19:03 | Construir | Farm |
| 19:04 | Crear | Villager (Male) |
| 19:09 | Construir | Farm |
| 19:13 | Crear | Villager (Male) |
| 19:16 | Construir | Farm |
| 19:18 | Crear | Villager (Male) |
| 19:20 | Construir | House |
| 19:21 | Construir | House |
| 19:24 | Crear | Villager (Male) |
| 19:35 | Crear | Villager (Male) |
| 19:37 | Construir | Farm |
| 19:41 | Construir | Farm |
| 19:44 | Crear | Villager (Male) |
| 19:45 | Crear | Villager (Male) |
| 19:50 | Crear | Villager (Male) |
| 19:52 | Construir | Farm |
| 19:54 | Crear | Villager (Male) |
| 20:01 | Construir | House |
| 20:04 | Crear | Monk |
| 20:04 | Crear | Monk |
| 20:09 | Construir | Farm |
| 20:09 | Crear | Villager (Male) |
Build order — Thomi
Primeras 150 de 484 acciones detectadas
| 0:01 | Crear | Villager (Male) |
| 0:02 | Construir | House |
| 0:03 | Construir | House |
| 0:04 | Crear | Villager (Male) |
| 0:04 | Crear | Villager (Male) |
| 0:04 | Crear | Villager (Male) |
| 1:25 | Crear | Villager (Male) |
| 1:54 | Crear | Villager (Male) |
| 1:54 | Crear | Villager (Male) |
| 1:58 | Construir | Lumber Camp |
| 2:18 | Crear | Villager (Male) |
| 2:53 | Crear | Villager (Male) |
| 2:53 | Crear | Villager (Male) |
| 3:10 | Crear | Villager (Male) |
| 3:32 | Construir | House |
| 3:49 | Crear | Villager (Male) |
| 4:18 | Crear | Villager (Male) |
| 4:18 | Crear | Villager (Male) |
| 4:57 | Crear | Villager (Male) |
| 4:57 | Crear | Villager (Male) |
| 5:25 | Crear | Villager (Male) |
| 5:25 | Crear | Villager (Male) |
| 5:35 | Crear | Villager (Male) |
| 5:35 | Crear | Villager (Male) |
| 6:06 | Construir | House |
| 6:34 | Crear | Villager (Male) |
| 6:36 | Crear | Villager (Male) |
| 7:54 | Crear | Villager (Male) |
| 7:59 | Construir | Mill |
| 8:25 | Investigar | Feudal Age |
| 8:25 | Investigar | Feudal Age |
| 9:03 | Crear | Villager (Male) |
| 9:03 | Crear | Villager (Male) |
| 9:42 | Crear | Villager (Male) |
| 9:42 | Crear | Villager (Male) |
| 10:35 | Edad | Edad Feudal |
| 10:44 | Construir | Market |
| 10:48 | Construir | Blacksmith |
| 11:13 | Investigar | Double-Bit Axe |
| 11:33 | Investigar | Castle Age |
| 11:34 | Investigar | Castle Age |
| 11:43 | Investigar | Horse Collar |
| 14:13 | Edad | Edad de los Castillos |
| 14:19 | Construir | Town Center |
| 14:25 | Construir | Town Center |
| 14:26 | Crear | Villager (Male) |
| 14:27 | Crear | Villager (Male) |
| 14:28 | Investigar | Heavy Plow |
| 14:51 | Crear | Villager (Male) |
| 14:51 | Crear | Villager (Male) |
| 14:58 | Crear | Villager (Male) |
| 15:13 | Construir | Farm |
| 15:14 | Construir | Farm |
| 15:19 | Construir | Farm |
| 15:21 | Construir | Farm |
| 15:26 | Construir | Farm |
| 15:29 | Construir | Farm |
| 15:36 | Construir | Farm |
| 15:45 | Crear | Villager (Male) |
| 16:08 | Crear | Villager (Male) |
| 16:13 | Construir | Monastery |
| 16:14 | Construir | House |
| 16:17 | Crear | Villager (Male) |
| 16:24 | Construir | Farm |
| 16:30 | Crear | Villager (Male) |
| 16:47 | Construir | Farm |
| 16:56 | Crear | Villager (Male) |
| 17:05 | Crear | Villager (Male) |
| 17:17 | Crear | Villager (Male) |
| 17:23 | Crear | Villager (Male) |
| 17:27 | Construir | Farm |
| 17:29 | Construir | Farm |
| 17:31 | Construir | House |
| 17:31 | Construir | House |
| 17:36 | Crear | Villager (Male) |
| 17:45 | Construir | Farm |
| 17:46 | Crear | Villager (Male) |
| 17:47 | Crear | Villager (Male) |
| 17:49 | Construir | Farm |
| 17:50 | Crear | Villager (Male) |
| 18:02 | Construir | Farm |
| 18:10 | Crear | Villager (Male) |
| 18:13 | Construir | Farm |
| 18:22 | Construir | Farm |
| 18:23 | Crear | Villager (Male) |
| 18:31 | Crear | Villager (Male) |
| 18:34 | Construir | House |
| 18:34 | Construir | House |
| 18:36 | Crear | Monk |
| 18:45 | Crear | Villager (Male) |
| 18:46 | Crear | Villager (Male) |
| 18:55 | Construir | Farm |
| 19:06 | Investigar | Wheelbarrow |
| 19:07 | Investigar | Wheelbarrow |
| 19:07 | Investigar | Wheelbarrow |
| 19:14 | Crear | Villager (Male) |
| 19:19 | Crear | Villager (Male) |
| 19:25 | Construir | Town Center |
| 19:27 | Crear | Villager (Male) |
| 19:27 | Crear | Villager (Male) |
| 19:29 | Construir | Farm |
| 19:48 | Crear | Villager (Male) |
| 19:50 | Construir | Farm |
| 19:51 | Crear | Villager (Male) |
| 19:52 | Crear | Villager (Male) |
| 19:54 | Construir | House |
| 19:54 | Construir | House |
| 19:54 | Construir | House |
| 19:56 | Crear | Monk |
| 20:01 | Crear | Villager (Male) |
| 20:05 | Crear | Villager (Male) |
| 20:13 | Crear | Villager (Male) |
| 20:13 | Crear | Villager (Male) |
| 20:17 | Construir | Farm |
| 20:22 | Crear | Villager (Male) |
| 20:26 | Construir | Farm |
| 20:28 | Construir | Farm |
| 20:28 | Crear | Villager (Male) |
| 20:37 | Construir | Farm |
| 20:39 | Crear | Villager (Male) |
| 20:39 | Crear | Villager (Male) |
| 20:51 | Crear | Villager (Male) |
| 20:53 | Crear | Villager (Male) |
| 21:02 | Construir | House |
| 21:02 | Construir | House |
| 21:05 | Crear | Villager (Male) |
| 21:06 | Crear | Villager (Male) |
| 21:10 | Crear | Villager (Male) |
| 21:16 | Construir | Mining Camp |
| 21:20 | Investigar | Bow Saw |
| 21:21 | Investigar | Bow Saw |
| 21:26 | Crear | Villager (Male) |
| 21:31 | Crear | Villager (Male) |
| 21:33 | Crear | Villager (Male) |
| 21:37 | Crear | Monk |
| 21:38 | Crear | Villager (Male) |
| 21:45 | Crear | Villager (Male) |
| 21:54 | Construir | Town Center |
| 21:57 | Crear | Villager (Male) |
| 22:05 | Construir | Farm |
| 22:06 | Crear | Villager (Male) |
| 22:12 | Crear | Villager (Male) |
| 22:18 | Crear | Villager (Male) |
| 22:19 | Crear | Villager (Male) |
| 22:24 | Crear | Villager (Male) |
| 22:29 | Construir | Farm |
| 22:31 | Construir | Farm |
| 22:34 | Construir | Farm |
| 22:38 | Construir | Farm |
| 22:39 | Crear | Villager (Male) |
Build order — Lynx_at_Arms
Primeras 150 de 463 acciones detectadas
| 0:03 | Construir | House |
| 0:04 | Crear | Villager (Male) |
| 0:04 | Crear | Villager (Male) |
| 0:04 | Crear | Villager (Male) |
| 0:06 | Construir | House |
| 0:29 | Crear | Villager (Male) |
| 1:38 | Crear | Villager (Male) |
| 1:49 | Construir | Lumber Camp |
| 2:10 | Crear | Villager (Male) |
| 2:40 | Crear | Villager (Male) |
| 2:56 | Crear | Villager (Male) |
| 3:08 | Crear | Villager (Male) |
| 3:44 | Crear | Villager (Male) |
| 3:45 | Crear | Villager (Male) |
| 3:53 | Construir | House |
| 4:20 | Construir | Mill |
| 4:30 | Construir | House |
| 4:31 | Crear | Villager (Male) |
| 4:38 | Crear | Villager (Male) |
| 5:20 | Crear | Villager (Male) |
| 5:20 | Crear | Villager (Male) |
| 5:30 | Investigar | Loom |
| 5:48 | Crear | Villager (Male) |
| 6:08 | Crear | Villager (Male) |
| 6:31 | Crear | Villager (Male) |
| 6:31 | Crear | Villager (Male) |
| 6:49 | Crear | Villager (Male) |
| 7:05 | Crear | Villager (Male) |
| 7:20 | Construir | Palisade Wall |
| 7:30 | Construir | Palisade Wall |
| 7:33 | Crear | Villager (Male) |
| 8:20 | Construir | Farm |
| 8:39 | Crear | Villager (Male) |
| 8:45 | Construir | Mining Camp |
| 8:46 | Crear | Villager (Male) |
| 9:13 | Construir | Farm |
| 9:20 | Construir | Lumber Camp |
| 9:24 | Crear | Villager (Male) |
| 10:08 | Construir | Palisade Wall |
| 10:29 | Crear | Villager (Male) |
| 10:33 | Construir | Farm |
| 10:37 | Construir | Farm |
| 10:44 | Investigar | Feudal Age |
| 11:03 | Construir | Palisade Wall |
| 11:05 | Crear | Villager (Male) |
| 11:20 | Construir | Farm |
| 11:22 | Construir | Farm |
| 11:24 | Construir | Farm |
| 12:36 | Crear | Villager (Male) |
| 13:04 | Edad | Edad Feudal |
| 13:17 | Construir | Blacksmith |
| 13:24 | Construir | Market |
| 13:35 | Construir | Palisade Wall |
| 13:47 | Construir | Farm |
| 13:50 | Investigar | Double-Bit Axe |
| 13:56 | Investigar | Horse Collar |
| 14:10 | Investigar | Castle Age |
| 14:10 | Investigar | Castle Age |
| 14:42 | Construir | Farm |
| 15:23 | Construir | Dock |
| 15:39 | Construir | Palisade Wall |
| 15:48 | Construir | Farm |
| 15:50 | Construir | Farm |
| 15:53 | Construir | Farm |
| 16:08 | Investigar | Double-Bit Axe |
| 16:50 | Edad | Edad de los Castillos |
| 16:50 | Crear | Villager (Male) |
| 16:50 | Crear | Villager (Male) |
| 16:51 | Crear | Villager (Male) |
| 17:13 | Construir | Town Center |
| 17:33 | Construir | Stone Wall |
| 17:39 | Crear | Villager (Male) |
| 17:47 | Construir | House |
| 17:50 | Construir | House |
| 17:53 | Crear | Fishing Ship |
| 18:03 | Investigar | Bow Saw |
| 18:22 | Construir | House |
| 18:26 | Crear | Fishing Ship |
| 19:32 | Construir | Town Center |
| 19:40 | Construir | Mining Camp |
| 19:42 | Crear | Fishing Ship |
| 20:01 | Crear | Villager (Male) |
| 20:07 | Crear | Villager (Male) |
| 20:10 | Crear | Villager (Male) |
| 20:12 | Crear | Villager (Male) |
| 20:33 | Crear | Villager (Male) |
| 20:47 | Crear | Villager (Male) |
| 20:48 | Crear | Villager (Male) |
| 20:49 | Crear | Villager (Male) |
| 21:04 | Construir | Stone Wall |
| 21:13 | Crear | Villager (Male) |
| 21:15 | Investigar | Wheelbarrow |
| 21:26 | Crear | Villager (Male) |
| 21:31 | Construir | House |
| 21:32 | Construir | House |
| 21:33 | Construir | House |
| 21:47 | Construir | Farm |
| 21:50 | Construir | Farm |
| 21:53 | Construir | Farm |
| 21:55 | Construir | Farm |
| 22:02 | Construir | Farm |
| 22:08 | Construir | Farm |
| 22:10 | Construir | Farm |
| 22:11 | Construir | Farm |
| 22:17 | Construir | Farm |
| 22:27 | Construir | Mill |
| 22:29 | Crear | Villager (Male) |
| 22:31 | Crear | Villager (Male) |
| 22:31 | Crear | Villager (Male) |
| 22:34 | Crear | Villager (Male) |
| 22:52 | Construir | Stone Wall |
| 23:00 | Construir | Farm |
| 23:03 | Crear | Villager (Male) |
| 23:04 | Crear | Villager (Male) |
| 23:05 | Crear | Villager (Male) |
| 23:11 | Investigar | Heavy Plow |
| 23:26 | Crear | Villager (Male) |
| 23:32 | Construir | House |
| 23:33 | Construir | House |
| 23:34 | Construir | House |
| 23:41 | Crear | Villager (Male) |
| 23:41 | Crear | Villager (Male) |
| 23:42 | Crear | Villager (Male) |
| 23:43 | Crear | Villager (Male) |
| 23:55 | Construir | Farm |
| 23:57 | Crear | Villager (Male) |
| 24:01 | Crear | Villager (Male) |
| 24:06 | Construir | Lumber Camp |
| 24:12 | Construir | Farm |
| 24:18 | Crear | Villager (Male) |
| 24:26 | Crear | Villager (Male) |
| 24:30 | Construir | Farm |
| 24:34 | Crear | Villager (Male) |
| 24:41 | Investigar | Hand Cart |
| 24:47 | Crear | Villager (Male) |
| 24:48 | Crear | Villager (Male) |
| 24:50 | Crear | Villager (Male) |
| 25:09 | Crear | Villager (Male) |
| 25:13 | Construir | Farm |
| 25:16 | Construir | Farm |
| 25:19 | Construir | Farm |
| 25:48 | Construir | Stone Wall |
| 25:53 | Construir | Stone Wall |
| 25:57 | Construir | Stone Wall |
| 26:36 | Crear | Villager (Male) |
| 26:39 | Construir | Farm |
| 26:42 | Construir | Farm |
| 26:43 | Crear | Villager (Male) |
| 26:44 | Crear | Villager (Male) |
| 26:45 | Crear | Villager (Male) |
Build order — [SyNx] NairodX
Primeras 150 de 488 acciones detectadas
| 0:01 | Crear | Villager (Male) |
| 0:01 | Crear | Villager (Male) |
| 0:02 | Crear | Villager (Male) |
| 0:02 | Crear | Villager (Male) |
| 0:03 | Construir | House |
| 0:05 | Construir | House |
| 0:44 | Investigar | Loom |
| 0:45 | Crear | Villager (Male) |
| 0:45 | Crear | Villager (Male) |
| 0:46 | Crear | Villager (Male) |
| 1:01 | Construir | Palisade Wall |
| 1:05 | Construir | Palisade Wall |
| 1:07 | Construir | Palisade Wall |
| 1:45 | Crear | Villager (Male) |
| 1:45 | Crear | Villager (Male) |
| 2:19 | Construir | Palisade Wall |
| 2:30 | Crear | Villager (Male) |
| 2:31 | Crear | Villager (Male) |
| 2:48 | Construir | Lumber Camp |
| 2:59 | Crear | Villager (Male) |
| 3:31 | Crear | Villager (Male) |
| 3:32 | Crear | Villager (Male) |
| 3:49 | Crear | Villager (Male) |
| 3:49 | Crear | Villager (Male) |
| 4:19 | Crear | Villager (Male) |
| 4:41 | Construir | Mill |
| 4:46 | Crear | Villager (Male) |
| 4:47 | Crear | Villager (Male) |
| 4:47 | Crear | Villager (Male) |
| 4:56 | Construir | House |
| 5:26 | Crear | Villager (Male) |
| 5:27 | Crear | Villager (Male) |
| 5:43 | Crear | Villager (Male) |
| 5:43 | Crear | Villager (Male) |
| 5:57 | Crear | Villager (Male) |
| 6:10 | Construir | House |
| 6:47 | Crear | Villager (Male) |
| 6:48 | Crear | Villager (Male) |
| 6:48 | Crear | Villager (Male) |
| 7:09 | Crear | Villager (Male) |
| 7:10 | Crear | Villager (Male) |
| 7:19 | Crear | Villager (Male) |
| 7:19 | Crear | Villager (Male) |
| 8:48 | Crear | Villager (Male) |
| 8:49 | Crear | Villager (Male) |
| 9:26 | Construir | House |
| 9:29 | Investigar | Feudal Age |
| 9:56 | Construir | Mining Camp |
| 11:24 | Crear | Villager (Male) |
| 11:25 | Crear | Villager (Male) |
| 11:39 | Edad | Edad Feudal |
| 11:41 | Construir | Market |
| 11:43 | Construir | Blacksmith |
| 12:44 | Investigar | Castle Age |
| 12:44 | Investigar | Castle Age |
| 13:14 | Investigar | Double-Bit Axe |
| 13:15 | Investigar | Horse Collar |
| 13:15 | Investigar | Horse Collar |
| 13:29 | Construir | Farm |
| 13:32 | Construir | Farm |
| 13:34 | Construir | Farm |
| 14:15 | Construir | House |
| 14:26 | Construir | Barracks |
| 14:31 | Investigar | Scale Barding Armor |
| 14:53 | Construir | Farm |
| 14:55 | Construir | Farm |
| 15:12 | Crear | Villager (Male) |
| 15:13 | Crear | Villager (Male) |
| 15:24 | Edad | Edad de los Castillos |
| 15:42 | Construir | Town Center |
| 15:51 | Crear | Villager (Male) |
| 15:51 | Crear | Villager (Male) |
| 17:20 | Construir | Town Center |
| 17:23 | Crear | Villager (Male) ×5 |
| 17:45 | Investigar | Bow Saw |
| 17:45 | Investigar | Bow Saw |
| 18:01 | Construir | Farm |
| 18:11 | Construir | House |
| 18:19 | Construir | House |
| 18:22 | Crear | Villager (Male) |
| 18:26 | Crear | Villager (Male) |
| 18:52 | Construir | Stable |
| 18:56 | Crear | Villager (Male) |
| 19:01 | Crear | Villager (Male) ×4 |
| 19:08 | Construir | Farm |
| 19:09 | Construir | Farm |
| 19:23 | Crear | Villager (Male) |
| 19:26 | Crear | Villager (Male) ×2 |
| 19:47 | Construir | Mining Camp |
| 19:58 | Construir | Stable |
| 20:02 | Crear | Villager (Male) |
| 20:11 | Construir | Farm |
| 20:17 | Crear | Villager (Male) |
| 20:22 | Crear | Villager (Male) ×2 |
| 20:31 | Construir | Farm |
| 20:31 | Construir | Farm |
| 20:36 | Construir | Farm |
| 20:41 | Crear | Villager (Male) |
| 20:50 | Crear | Villager (Male) ×2 |
| 20:59 | Construir | Monastery |
| 21:01 | Crear | Villager (Male) ×2 |
| 21:13 | Crear | Villager (Male) ×2 |
| 21:26 | Crear | Villager (Male) ×2 |
| 21:34 | Crear | Villager (Male) |
| 21:58 | Crear | Monk |
| 22:08 | Construir | Town Center |
| 22:19 | Construir | House |
| 22:20 | Construir | House |
| 22:21 | Construir | House |
| 22:27 | Crear | Villager (Male) ×5 |
| 22:32 | Construir | Farm |
| 22:33 | Construir | Farm |
| 22:35 | Construir | Farm |
| 22:39 | Construir | Farm |
| 22:39 | Construir | Farm |
| 22:41 | Construir | Farm |
| 22:48 | Construir | House |
| 22:50 | Crear | Villager (Male) ×2 |
| 23:06 | Crear | Villager (Male) |
| 23:18 | Construir | House |
| 23:21 | Crear | Villager (Male) ×2 |
| 23:36 | Crear | Villager (Male) |
| 23:42 | Crear | Villager (Male) |
| 23:45 | Construir | Farm |
| 23:49 | Construir | Farm |
| 23:52 | Construir | Farm |
| 23:52 | Construir | Farm |
| 23:54 | Crear | Villager (Male) ×2 |
| 24:10 | Construir | Castle |
| 24:14 | Crear | Villager (Male) ×2 |
| 24:26 | Construir | Farm |
| 24:30 | Construir | Farm |
| 24:31 | Construir | Farm |
| 24:32 | Construir | Farm |
| 24:33 | Construir | Farm |
| 24:38 | Construir | Farm |
| 24:40 | Construir | Farm |
| 24:43 | Construir | Farm |
| 24:55 | Construir | Market |
| 24:57 | Construir | Market |
| 25:00 | Crear | Villager (Male) ×4 |
| 25:02 | Crear | Villager (Male) |
| 25:13 | Crear | Villager (Male) |
| 25:17 | Construir | Farm |
| 25:20 | Construir | Farm |
| 25:22 | Construir | Farm |
| 25:27 | Crear | Villager (Male) ×3 |
| 25:30 | Crear | Villager (Male) |
| 25:36 | Construir | Farm |
| 25:37 | Construir | Farm |
Build order — [KoFu] Might_lloll
Primeras 150 de 755 acciones detectadas
| 0:03 | Investigar | Loom |
| 0:03 | Investigar | Loom |
| 0:46 | Crear | Villager (Male) |
| 0:46 | Crear | Villager (Male) |
| 1:19 | Crear | Villager (Male) |
| 1:20 | Crear | Villager (Male) |
| 1:45 | Crear | Villager (Male) |
| 1:45 | Crear | Villager (Male) |
| 2:12 | Crear | Villager (Male) |
| 2:12 | Crear | Villager (Male) |
| 2:28 | Crear | Villager (Male) |
| 2:29 | Crear | Villager (Male) |
| 2:44 | Crear | Villager (Male) |
| 2:45 | Crear | Villager (Male) |
| 3:03 | Crear | Villager (Male) |
| 3:04 | Crear | Villager (Male) |
| 3:06 | Construir | House |
| 3:25 | Crear | Villager (Male) |
| 3:25 | Crear | Villager (Male) |
| 3:32 | Construir | Lumber Camp |
| 3:44 | Crear | Villager (Male) |
| 3:44 | Crear | Villager (Male) |
| 3:57 | Crear | Villager (Male) |
| 3:57 | Crear | Villager (Male) |
| 4:15 | Crear | Villager (Male) |
| 4:16 | Crear | Villager (Male) |
| 4:32 | Crear | Villager (Male) |
| 4:32 | Crear | Villager (Male) |
| 4:33 | Construir | House |
| 5:03 | Crear | Villager (Male) |
| 5:03 | Crear | Villager (Male) |
| 5:39 | Crear | Villager (Male) |
| 5:40 | Crear | Villager (Male) |
| 6:24 | Construir | Dock |
| 7:03 | Crear | Villager (Male) |
| 7:03 | Crear | Villager (Male) |
| 7:05 | Crear | Fishing Ship |
| 7:06 | Crear | Fishing Ship |
| 7:08 | Construir | House |
| 7:30 | Crear | Fishing Ship |
| 7:57 | Investigar | Feudal Age |
| 7:57 | Investigar | Feudal Age |
| 8:01 | Investigar | Feudal Age |
| 8:07 | Construir | Mill |
| 8:51 | Crear | Fishing Ship |
| 8:55 | Crear | Villager (Male) |
| 8:55 | Crear | Villager (Male) |
| 9:00 | Construir | House |
| 9:16 | Construir | Mining Camp |
| 10:12 | Edad | Edad Feudal |
| 10:25 | Construir | Market |
| 10:28 | Construir | Blacksmith |
| 10:57 | Crear | Villager (Male) |
| 11:02 | Crear | Fishing Ship |
| 11:19 | Crear | Villager (Male) |
| 11:42 | Crear | Fishing Ship |
| 11:44 | Crear | Villager (Male) |
| 11:58 | Crear | Fishing Ship |
| 12:18 | Crear | Villager (Male) |
| 12:25 | Construir | House |
| 12:32 | Crear | Fishing Ship |
| 12:41 | Construir | Mill |
| 12:50 | Crear | Villager (Male) |
| 13:32 | Investigar | Castle Age |
| 13:32 | Investigar | Castle Age |
| 13:36 | Construir | House |
| 13:38 | Crear | Fishing Ship |
| 14:19 | Construir | Dock |
| 14:21 | Crear | Fishing Ship |
| 14:26 | Investigar | Double-Bit Axe |
| 14:26 | Investigar | Double-Bit Axe |
| 14:46 | Crear | Fishing Ship |
| 14:48 | Construir | Fish Trap |
| 14:52 | Construir | Fish Trap |
| 15:01 | Construir | House |
| 15:10 | Investigar | Tech 906 |
| 15:10 | Investigar | Tech 906 |
| 15:20 | Construir | Fish Trap |
| 15:29 | Construir | Fish Trap |
| 15:36 | Crear | Villager (Male) |
| 15:37 | Crear | Villager (Male) |
| 15:56 | Construir | Fish Trap |
| 15:58 | Construir | Fish Trap |
| 16:12 | Edad | Edad de los Castillos |
| 16:31 | Construir | Town Center |
| 16:39 | Crear | Villager (Male) |
| 16:59 | Construir | Fish Trap |
| 17:04 | Crear | Villager (Male) |
| 17:04 | Crear | Villager (Male) |
| 17:22 | Construir | Fish Trap |
| 17:23 | Crear | Fishing Ship |
| 17:24 | Crear | Fishing Ship |
| 17:28 | Crear | Villager (Male) |
| 17:28 | Crear | Villager (Male) |
| 17:29 | Crear | Villager (Male) |
| 17:29 | Crear | Villager (Male) |
| 17:29 | Crear | Villager (Male) |
| 17:30 | Crear | Villager (Male) |
| 17:30 | Crear | Villager (Male) |
| 17:30 | Crear | Villager (Male) |
| 17:30 | Crear | Villager (Male) |
| 18:08 | Construir | Town Center |
| 18:18 | Construir | Fish Trap |
| 18:25 | Crear | Fishing Ship |
| 18:50 | Construir | Fish Trap |
| 18:52 | Crear | Fishing Ship |
| 18:53 | Crear | Villager (Male) |
| 18:54 | Crear | Villager (Male) |
| 18:54 | Crear | Villager (Male) |
| 19:12 | Construir | Fish Trap |
| 19:14 | Crear | Fishing Ship |
| 19:26 | Crear | Fishing Ship |
| 19:27 | Crear | Villager (Male) |
| 19:27 | Crear | Villager (Male) |
| 19:27 | Crear | Villager (Male) |
| 19:29 | Crear | Villager (Male) |
| 19:30 | Crear | Villager (Male) |
| 19:32 | Investigar | Horse Collar |
| 19:32 | Investigar | Horse Collar |
| 19:41 | Construir | Fish Trap |
| 19:48 | Crear | Villager (Male) |
| 20:01 | Construir | University |
| 20:06 | Construir | Monastery |
| 20:10 | Construir | Fish Trap |
| 20:11 | Crear | Villager (Male) |
| 20:11 | Crear | Villager (Male) |
| 20:12 | Crear | Villager (Male) |
| 20:18 | Crear | Villager (Male) |
| 20:18 | Crear | Villager (Male) |
| 20:43 | Crear | Villager (Male) |
| 20:43 | Crear | Villager (Male) |
| 20:46 | Construir | Town Center |
| 20:48 | Crear | Fishing Ship |
| 20:48 | Crear | Fishing Ship |
| 20:49 | Crear | Fishing Ship |
| 20:49 | Crear | Fishing Ship |
| 20:52 | Construir | Fish Trap |
| 20:57 | Investigar | Gillnets |
| 20:57 | Investigar | Gillnets |
| 20:58 | Investigar | Gillnets |
| 20:58 | Crear | Villager (Male) |
| 20:58 | Crear | Villager (Male) |
| 21:00 | Construir | Farm |
| 21:03 | Construir | Farm |
| 21:08 | Crear | Villager (Male) |
| 21:09 | Crear | Villager (Male) |
| 21:09 | Crear | Villager (Male) |
| 21:17 | Construir | Farm |
| 21:19 | Construir | Farm |
| 21:20 | Crear | Villager (Male) |
Build order — Elite Female Villager
Primeras 150 de 565 acciones detectadas
| 0:01 | Crear | Villager (Male) |
| 0:01 | Crear | Villager (Male) |
| 0:02 | Construir | House |
| 0:04 | Construir | House |
| 0:05 | Crear | Villager (Male) |
| 0:11 | Crear | Villager (Male) |
| 0:12 | Crear | Villager (Male) |
| 1:32 | Crear | Villager (Male) |
| 1:32 | Crear | Villager (Male) |
| 1:47 | Construir | Palisade Wall |
| 1:53 | Construir | House |
| 2:07 | Crear | Villager (Male) |
| 2:08 | Crear | Villager (Male) |
| 2:25 | Crear | Villager (Male) |
| 2:25 | Crear | Villager (Male) |
| 2:32 | Construir | Lumber Camp |
| 2:48 | Crear | Villager (Male) |
| 3:14 | Construir | House |
| 3:19 | Crear | Villager (Male) |
| 3:20 | Crear | Villager (Male) |
| 3:34 | Crear | Villager (Male) |
| 3:47 | Crear | Villager (Male) |
| 4:08 | Crear | Villager (Male) |
| 4:24 | Construir | Palisade Wall |
| 4:30 | Crear | Villager (Male) |
| 5:16 | Crear | Villager (Male) |
| 5:16 | Crear | Villager (Male) |
| 5:16 | Investigar | Loom |
| 5:49 | Construir | Mining Camp |
| 6:45 | Investigar | Feudal Age |
| 6:45 | Investigar | Feudal Age |
| 7:42 | Construir | Lumber Camp |
| 7:48 | Construir | House |
| 8:48 | Construir | House |
| 8:55 | Edad | Edad Feudal |
| 9:00 | Crear | Villager (Male) |
| 9:13 | Construir | Watch Tower |
| 9:22 | Investigar | Double-Bit Axe |
| 9:22 | Investigar | Double-Bit Axe |
| 9:22 | Crear | Villager (Male) |
| 9:37 | Crear | Villager (Male) |
| 9:53 | Crear | Villager (Male) |
| 10:09 | Construir | Dock |
| 10:22 | Crear | Villager (Male) |
| 10:42 | Crear | Villager (Male) |
| 10:44 | Construir | House |
| 10:55 | Crear | Fishing Ship |
| 11:13 | Construir | Mill |
| 11:30 | Crear | Villager (Male) |
| 11:45 | Crear | Villager (Male) |
| 11:47 | Crear | Fishing Ship |
| 12:17 | Crear | Villager (Male) |
| 12:28 | Investigar | Horse Collar |
| 12:31 | Crear | Villager (Male) |
| 12:32 | Crear | Fishing Ship |
| 12:47 | Construir | Watch Tower |
| 12:56 | Crear | Villager (Male) |
| 12:59 | Construir | Farm |
| 13:01 | Construir | Farm |
| 13:12 | Construir | Farm |
| 13:19 | Crear | Villager (Male) |
| 13:23 | Construir | Farm |
| 13:45 | Crear | Villager (Male) |
| 14:04 | Construir | Lumber Camp |
| 14:08 | Construir | Stone Wall |
| 14:18 | Crear | Villager (Male) |
| 14:29 | Construir | House |
| 14:32 | Construir | Farm |
| 14:36 | Investigar | Town Watch |
| 14:46 | Crear | Villager (Male) |
| 14:51 | Construir | Mining Camp |
| 14:59 | Construir | Stone Wall |
| 15:04 | Crear | Villager (Male) |
| 15:20 | Construir | Fish Trap |
| 15:26 | Construir | Fish Trap |
| 15:33 | Crear | Villager (Male) |
| 15:48 | Construir | Blacksmith |
| 16:03 | Crear | Villager (Male) |
| 16:23 | Crear | Villager (Male) |
| 16:27 | Construir | Market |
| 17:00 | Construir | Fish Trap |
| 17:11 | Crear | Villager (Male) |
| 17:14 | Construir | House |
| 17:25 | Construir | House |
| 17:32 | Investigar | Castle Age |
| 17:38 | Crear | Fishing Ship |
| 17:47 | Construir | House |
| 17:55 | Construir | Farm |
| 18:11 | Crear | Villager (Male) |
| 18:13 | Crear | Fishing Ship |
| 18:19 | Construir | Dock |
| 18:21 | Investigar | Gold Mining |
| 18:29 | Construir | Fish Trap |
| 18:41 | Construir | Farm |
| 18:42 | Investigar | Wheelbarrow |
| 18:57 | Investigar | Tech 906 |
| 19:04 | Construir | Fish Trap |
| 19:17 | Crear | Fishing Ship |
| 19:17 | Crear | Fishing Ship |
| 19:29 | Construir | Fish Trap |
| 19:58 | Crear | Fishing Ship |
| 19:59 | Crear | Fishing Ship |
| 20:05 | Construir | Fish Trap |
| 20:09 | Crear | Fishing Ship |
| 20:12 | Edad | Edad de los Castillos |
| 20:15 | Crear | Villager (Male) |
| 20:19 | Construir | Castle |
| 20:31 | Construir | Fish Trap |
| 20:43 | Construir | Fish Trap |
| 20:50 | Investigar | Bow Saw |
| 20:50 | Investigar | Bow Saw |
| 20:51 | Crear | Villager (Male) |
| 20:58 | Construir | Fish Trap |
| 21:29 | Crear | Fishing Ship |
| 21:29 | Crear | Fishing Ship |
| 21:30 | Crear | Fishing Ship |
| 21:30 | Crear | Fishing Ship |
| 21:50 | Construir | Lumber Camp |
| 22:19 | Construir | Fish Trap |
| 22:28 | Construir | Fish Trap |
| 22:30 | Crear | Fishing Ship |
| 22:30 | Crear | Fishing Ship |
| 22:30 | Crear | Fishing Ship |
| 22:31 | Crear | Villager (Male) |
| 22:32 | Crear | Villager (Male) |
| 22:41 | Construir | Mining Camp |
| 22:48 | Crear | Villager (Male) |
| 23:01 | Construir | Fish Trap |
| 23:05 | Crear | Fishing Ship |
| 23:16 | Construir | Fish Trap |
| 23:40 | Crear | Fishing Ship |
| 23:49 | Construir | Fish Trap |
| 23:56 | Investigar | Imperial Age |
| 23:56 | Investigar | Imperial Age |
| 24:10 | Construir | Siege Workshop |
| 24:13 | Crear | Villager (Male) |
| 24:21 | Investigar | Fletching |
| 24:21 | Investigar | Fletching |
| 24:25 | Construir | House |
| 24:26 | Construir | House |
| 24:26 | Construir | House |
| 24:30 | Construir | House |
| 24:30 | Construir | House |
| 24:36 | Construir | Fish Trap |
| 25:02 | Construir | Palisade Wall |
| 25:04 | Construir | Gate |
| 25:08 | Crear | Battering Ram |
| 25:09 | Crear | Villager (Male) |
| 25:15 | Investigar | Gold Shaft Mining |
| 25:16 | Investigar | Stone Mining |
Cronología de la partida
| 1:01 | [SyNx] NairodX · wall_segment Palisade Wall x4 |
| 1:05 | [SyNx] NairodX · wall_segment Palisade Wall x1 |
| 1:07 | [SyNx] NairodX · wall_segment Palisade Wall x4 |
| 1:47 | Elite Female Villager · wall_segment Palisade Wall x1 |
| 2:19 | [SyNx] NairodX · wall_segment Palisade Wall x1 |
| 2:20 | 网恋被骗500金 · wall_segment Palisade Wall x12 |
| 2:25 | 网恋被骗500金 · wall_segment Palisade Wall x10 |
| 2:30 | 网恋被骗500金 · wall_segment Palisade Wall x12 |
| 2:55 | 直肠的冒险家习维尼 · wall_segment Palisade Wall x15 |
| 4:24 | Elite Female Villager · wall_segment Palisade Wall x1 |
| 5:06 | Fantasy · wall_segment Palisade Wall x1 |
| 5:08 | Fantasy · wall_segment Palisade Wall x1 |
| 5:14 | Fantasy · wall_segment Palisade Wall x1 |
| 5:19 | Fantasy · wall_segment Palisade Wall x1 |
| 5:23 | Fantasy · wall_segment Palisade Wall x1 |
| 5:26 | Fantasy · wall_segment Palisade Wall x1 |
| 5:29 | Fantasy · wall_segment Palisade Wall x1 |
| 5:31 | Fantasy · wall_segment Palisade Wall x1 |
| 5:38 | Fantasy · wall_segment Palisade Wall x1 |
| 5:40 | Fantasy · wall_segment Palisade Wall x1 |
| 6:09 | Fantasy · wall_segment Palisade Wall x1 |
| 6:24 | [KoFu] Might_lloll · first_building Dock |
| 6:38 | Fantasy · wall_segment Palisade Wall x1 |
| 6:47 | Fantasy · wall_segment Palisade Wall x1 |
| 7:20 | Lynx_at_Arms · wall_segment Palisade Wall x9 |
| 7:30 | Lynx_at_Arms · wall_segment Palisade Wall x5 |
| 8:55 | Elite Female Villager · age_up feudal |
| 9:02 | 网恋被骗500金 · wall_segment Palisade Wall x13 |
| 9:25 | 网恋被骗500金 · wall_segment Palisade Wall x13 |
| 9:42 | 直肠的冒险家习维尼 · wall_segment Palisade Wall x1 |
| 9:48 | 网恋被骗500金 · wall_segment Palisade Wall x6 |
| 9:52 | 网恋被骗500金 · wall_segment Palisade Wall x4 |
| 10:06 | 直肠的冒险家习维尼 · wall_segment Palisade Wall x1 |
| 10:08 | Lynx_at_Arms · wall_segment Palisade Wall x5 |
| 10:09 | Elite Female Villager · first_building Dock |
| 10:12 | [KoFu] Might_lloll · age_up feudal |
| 10:16 | 网恋被骗500金 · wall_segment Palisade Wall x12 |
| 10:31 | Fantasy · age_up feudal |
| 10:35 | Thomi · age_up feudal |
| 11:02 | 直肠的冒险家习维尼 · first_building Dock |
| 11:03 | Lynx_at_Arms · wall_segment Palisade Wall x10 |
| 11:33 | Thomi · first_market_sell 100 stone |
| 11:39 | [SyNx] NairodX · age_up feudal |
| 12:15 | [KoFu] Might_lloll · first_market_buy 100 food |
| 12:33 | 直肠的冒险家习维尼 · age_up feudal |
| 12:36 | 网恋被骗500金 · age_up feudal |
| 13:04 | Lynx_at_Arms · age_up feudal |
| 13:35 | Lynx_at_Arms · wall_segment Palisade Wall x10 |
| 14:08 | Elite Female Villager · wall_segment Stone Wall x9 |
| 14:13 | Thomi · age_up castle |
| 14:26 | [SyNx] NairodX · first_building Barracks |
| 14:26 | Fantasy · age_up castle |
| 14:45 | Fantasy · first_market_buy 100 wood |
| 14:59 | Elite Female Villager · wall_segment Stone Wall x1 |
| 15:23 | Lynx_at_Arms · first_building Dock |
| 15:24 | [SyNx] NairodX · age_up castle |
| 15:25 | [SyNx] NairodX · first_market_buy 100 wood |
| 15:39 | Lynx_at_Arms · wall_segment Palisade Wall x1 |
| 16:12 | [KoFu] Might_lloll · age_up castle |
| 16:13 | Thomi · first_building Monastery |
| 16:21 | 直肠的冒险家习维尼 · wall_segment Stone Wall x18 |
| 16:50 | Lynx_at_Arms · age_up castle |
| 17:06 | 网恋被骗500金 · first_building Dock |
| 17:07 | 直肠的冒险家习维尼 · wall_segment Stone Wall x1 |
| 17:08 | 直肠的冒险家习维尼 · wall_segment Stone Wall x1 |
| 17:09 | 直肠的冒险家习维尼 · wall_segment Stone Wall x1 |
| 17:10 | 网恋被骗500金 · age_up castle |
| 17:33 | Lynx_at_Arms · wall_segment Stone Wall x8 |
| 17:36 | Fantasy · first_building Monastery |
| 17:48 | 直肠的冒险家习维尼 · age_up castle |
| 18:52 | [SyNx] NairodX · first_building Stable |
| 19:25 | Lynx_at_Arms · first_market_buy 100 stone |
| 19:25 | 网恋被骗500金 · first_market_buy 100 food |
| 20:06 | [KoFu] Might_lloll · first_building Monastery |
| 20:12 | Elite Female Villager · age_up castle |
| 20:19 | Elite Female Villager · first_building Castle |
| 20:59 | [SyNx] NairodX · first_building Monastery |
| 21:04 | Lynx_at_Arms · wall_segment Stone Wall x5 |
| 21:14 | 直肠的冒险家习维尼 · first_building Monastery |
| 22:52 | Lynx_at_Arms · wall_segment Stone Wall x12 |
| 23:34 | Elite Female Villager · first_market_sell 100 food |
| 23:58 | 直肠的冒险家习维尼 · wall_segment Palisade Wall x1 |
| 24:01 | 直肠的冒险家习维尼 · wall_segment Palisade Wall x1 |
| 24:03 | 直肠的冒险家习维尼 · wall_segment Palisade Wall x1 |
| 24:05 | 直肠的冒险家习维尼 · wall_segment Palisade Wall x1 |
| 24:10 | [SyNx] NairodX · first_building Castle |
| 24:10 | Elite Female Villager · first_building Siege Workshop |
| 24:11 | 直肠的冒险家习维尼 · wall_segment Palisade Wall x1 |
| 24:12 | 直肠的冒险家习维尼 · wall_segment Palisade Wall x1 |
| 24:16 | 直肠的冒险家习维尼 · wall_segment Palisade Wall x1 |
| 24:39 | Fantasy · first_building Siege Workshop |
| 24:42 | 网恋被骗500金 · first_building Monastery |
| 25:02 | Elite Female Villager · wall_segment Palisade Wall x6 |
| 25:23 | Fantasy · first_building Barracks |
| 25:39 | 网恋被骗500金 · wall_segment Palisade Wall x1 |
| 25:42 | 网恋被骗500金 · wall_segment Palisade Wall x1 |
| 25:48 | 网恋被骗500金 · wall_segment Palisade Wall x1 |
| 25:48 | Lynx_at_Arms · wall_segment Stone Wall x2 |
| 25:49 | 网恋被骗500金 · wall_segment Palisade Wall x1 |
| 25:50 | 网恋被骗500金 · wall_segment Palisade Wall x1 |
| 25:51 | Fantasy · first_building Castle |
| 25:52 | 网恋被骗500金 · wall_segment Palisade Wall x1 |
| 25:53 | Lynx_at_Arms · wall_segment Stone Wall x4 |
| 25:57 | Lynx_at_Arms · wall_segment Stone Wall x3 |
| 26:38 | 直肠的冒险家习维尼 · first_building Barracks |
| 26:42 | 网恋被骗500金 · first_building Siege Workshop |
| 26:44 | Thomi · first_building Castle |
| 27:06 | Elite Female Villager · age_up imperial |
| 27:06 | Thomi · first_building Barracks |
| 27:13 | Fantasy · age_up imperial |
| 27:20 | 网恋被骗500金 · wall_segment Stone Wall x15 |
| 27:23 | Lynx_at_Arms · first_building Castle |
| 27:27 | 网恋被骗500金 · first_building Barracks |
| 28:06 | 直肠的冒险家习维尼 · first_building Stable |
| 28:07 | Elite Female Villager · first_market_buy 100 wood |
| 28:22 | 直肠的冒险家习维尼 · first_building Siege Workshop |
| 28:26 | 网恋被骗500金 · first_building Archery Range |
| 28:36 | 网恋被骗500金 · first_building Castle |
| 28:57 | Lynx_at_Arms · first_market_sell 100 food |
| 29:00 | 直肠的冒险家习维尼 · first_building Castle |
| 29:07 | [KoFu] Might_lloll · first_building Castle |
| 29:08 | Lynx_at_Arms · first_building Barracks |
| 29:15 | [KoFu] Might_lloll · first_building Siege Workshop |
| 29:25 | 网恋被骗500金 · age_up imperial |
| 29:30 | [KoFu] Might_lloll · first_building Barracks |
| 29:32 | Fantasy · first_market_sell 100 food |
| 29:37 | [KoFu] Might_lloll · age_up imperial |
| 29:48 | Thomi · wall_segment Palisade Wall x1 |
| 29:54 | [SyNx] NairodX · first_market_sell 500 wood |
| 30:09 | Lynx_at_Arms · first_building Stable |
| 30:14 | 网恋被骗500金 · first_market_sell 100 food |
| 30:20 | 直肠的冒险家习维尼 · tribute_sent a jugador 2 |
| 30:20 | 直肠的冒险家习维尼 · tribute_sent a jugador 3 |
| 30:20 | 直肠的冒险家习维尼 · tribute_sent a jugador 4 |
| 30:20 | 直肠的冒险家习维尼 · tribute_sent a jugador 5 |
| 30:20 | 直肠的冒险家习维尼 · tribute_sent a jugador 6 |
| 30:20 | 直肠的冒险家习维尼 · tribute_sent a jugador 7 |
| 30:20 | 直肠的冒险家习维尼 · tribute_sent a jugador 8 |
| 30:50 | [KoFu] Might_lloll · first_building Archery Range |
| 30:55 | 直肠的冒险家习维尼 · age_up imperial |
| 31:16 | 直肠的冒险家习维尼 · tribute_sent a jugador 2 |
| 31:16 | 直肠的冒险家习维尼 · tribute_sent a jugador 3 |
| 31:16 | 直肠的冒险家习维尼 · tribute_sent a jugador 4 |
| 31:16 | 直肠的冒险家习维尼 · tribute_sent a jugador 5 |
| 31:16 | 直肠的冒险家习维尼 · tribute_sent a jugador 6 |
| 31:16 | 直肠的冒险家习维尼 · tribute_sent a jugador 7 |
| 31:16 | 直肠的冒险家习维尼 · tribute_sent a jugador 8 |
| 31:16 | Thomi · age_up imperial |
| 31:33 | Fantasy · tribute_sent a jugador 1 |
| 31:33 | Fantasy · tribute_sent a jugador 3 |
| 31:33 | Fantasy · tribute_sent a jugador 4 |
| 31:33 | Fantasy · tribute_sent a jugador 5 |
| 31:33 | Fantasy · tribute_sent a jugador 6 |
| 31:33 | Fantasy · tribute_sent a jugador 7 |
| 31:33 | Fantasy · tribute_sent a jugador 8 |
| 31:45 | Thomi · first_building Donjon |
| 32:09 | Lynx_at_Arms · age_up imperial |
| 33:38 | [SyNx] NairodX · age_up imperial |
| 33:51 | [KoFu] Might_lloll · first_market_sell 500 food |
| 35:13 | [KoFu] Might_lloll · tribute_sent a jugador 1 |
| 35:13 | [KoFu] Might_lloll · tribute_sent a jugador 2 |
| 35:13 | [KoFu] Might_lloll · tribute_sent a jugador 3 |
| 35:13 | [KoFu] Might_lloll · tribute_sent a jugador 4 |
| 35:14 | [KoFu] Might_lloll · tribute_sent a jugador 5 |
| 35:14 | [KoFu] Might_lloll · tribute_sent a jugador 7 |
| 35:14 | [KoFu] Might_lloll · tribute_sent a jugador 8 |
| 36:08 | 网恋被骗500金 · wall_segment Stone Wall x8 |
| 36:40 | Elite Female Villager · wall_segment Stone Wall x4 |
| 36:54 | Elite Female Villager · wall_segment Stone Wall x1 |
| 39:27 | Fantasy · wall_segment Stone Wall x7 |
| 39:34 | [KoFu] Might_lloll · tribute_sent a jugador 1 |
| 39:34 | [KoFu] Might_lloll · tribute_sent a jugador 2 |
| 39:34 | [KoFu] Might_lloll · tribute_sent a jugador 3 |
| 39:34 | [KoFu] Might_lloll · tribute_sent a jugador 4 |
| 39:34 | [KoFu] Might_lloll · tribute_sent a jugador 5 |
| 39:34 | [KoFu] Might_lloll · tribute_sent a jugador 7 |
| 39:34 | [KoFu] Might_lloll · tribute_sent a jugador 8 |
| 39:51 | Thomi · tribute_sent a jugador 1 |
| 39:51 | Thomi · tribute_sent a jugador 2 |
| 39:51 | Thomi · tribute_sent a jugador 4 |
| 39:51 | Thomi · tribute_sent a jugador 5 |
| 39:51 | Thomi · tribute_sent a jugador 6 |
| 39:51 | Thomi · tribute_sent a jugador 7 |
| 39:51 | Thomi · tribute_sent a jugador 8 |
| 40:53 | 直肠的冒险家习维尼 · wall_segment Stone Wall x1 |
| 42:08 | Elite Female Villager · first_building Barracks |
| 42:31 | Elite Female Villager · first_building Archery Range |
| 43:55 | Thomi · tribute_sent a jugador 1 |
| 43:55 | Thomi · tribute_sent a jugador 2 |
| 43:55 | Thomi · tribute_sent a jugador 4 |
| 43:55 | Thomi · tribute_sent a jugador 5 |
| 43:55 | Thomi · tribute_sent a jugador 6 |
| 43:55 | Thomi · tribute_sent a jugador 7 |
| 43:55 | Thomi · tribute_sent a jugador 8 |
| 44:30 | Elite Female Villager · tribute_sent a jugador 1 |
| 44:30 | Elite Female Villager · tribute_sent a jugador 2 |
| 44:30 | Elite Female Villager · tribute_sent a jugador 3 |
| 44:30 | Elite Female Villager · tribute_sent a jugador 4 |
| 44:30 | Elite Female Villager · tribute_sent a jugador 5 |
| 44:30 | Elite Female Villager · tribute_sent a jugador 6 |
| 44:30 | Elite Female Villager · tribute_sent a jugador 7 |
| 44:32 | Fantasy · first_building Archery Range |
| 45:00 | Thomi · tribute_sent a jugador 1 |
| 45:00 | Thomi · tribute_sent a jugador 2 |
| 45:00 | Thomi · tribute_sent a jugador 4 |
| 45:00 | Thomi · tribute_sent a jugador 5 |
| 45:00 | Thomi · tribute_sent a jugador 6 |
| 45:00 | Thomi · tribute_sent a jugador 7 |
| 45:00 | Thomi · tribute_sent a jugador 8 |
| 45:12 | Thomi · tribute_sent a jugador 1 |
| 45:12 | Thomi · tribute_sent a jugador 2 |
| 45:12 | Thomi · tribute_sent a jugador 4 |
| 45:12 | Thomi · tribute_sent a jugador 5 |
| 45:12 | Thomi · tribute_sent a jugador 6 |
| 45:12 | Thomi · tribute_sent a jugador 7 |
| 45:12 | Thomi · tribute_sent a jugador 8 |
| 45:40 | 直肠的冒险家习维尼 · tribute_sent a jugador 2 |
| 45:40 | 直肠的冒险家习维尼 · tribute_sent a jugador 3 |
| 45:40 | 直肠的冒险家习维尼 · tribute_sent a jugador 4 |
| 45:40 | 直肠的冒险家习维尼 · tribute_sent a jugador 5 |
| 45:40 | 直肠的冒险家习维尼 · tribute_sent a jugador 6 |
| 45:40 | 直肠的冒险家习维尼 · tribute_sent a jugador 7 |
| 45:40 | 直肠的冒险家习维尼 · tribute_sent a jugador 8 |
| 47:56 | 直肠的冒险家习维尼 · tribute_sent a jugador 2 |
| 47:56 | 直肠的冒险家习维尼 · tribute_sent a jugador 3 |
| 47:56 | 直肠的冒险家习维尼 · tribute_sent a jugador 4 |
| 47:56 | 直肠的冒险家习维尼 · tribute_sent a jugador 5 |
| 47:56 | 直肠的冒险家习维尼 · tribute_sent a jugador 6 |
| 47:56 | 直肠的冒险家习维尼 · tribute_sent a jugador 7 |
| 47:56 | 直肠的冒险家习维尼 · tribute_sent a jugador 8 |
| 48:45 | Thomi · tribute_sent a jugador 1 |
| 48:45 | Thomi · tribute_sent a jugador 2 |
| 48:45 | Thomi · tribute_sent a jugador 4 |
| 48:45 | Thomi · tribute_sent a jugador 5 |
| 48:45 | Thomi · tribute_sent a jugador 6 |
| 48:45 | Thomi · tribute_sent a jugador 7 |
| 48:45 | Thomi · tribute_sent a jugador 8 |
| 49:25 | 直肠的冒险家习维尼 · tribute_sent a jugador 2 |
| 49:25 | 直肠的冒险家习维尼 · tribute_sent a jugador 3 |
| 49:25 | 直肠的冒险家习维尼 · tribute_sent a jugador 4 |
| 49:25 | 直肠的冒险家习维尼 · tribute_sent a jugador 5 |
| 49:25 | 直肠的冒险家习维尼 · tribute_sent a jugador 6 |
| 49:25 | 直肠的冒险家习维尼 · tribute_sent a jugador 7 |
| 49:25 | 直肠的冒险家习维尼 · tribute_sent a jugador 8 |
| 50:12 | Thomi · first_market_buy 100 stone |
| 50:33 | Elite Female Villager · tribute_sent a jugador 1 |
| 50:33 | Elite Female Villager · tribute_sent a jugador 2 |
| 50:33 | Elite Female Villager · tribute_sent a jugador 3 |
| 50:33 | Elite Female Villager · tribute_sent a jugador 4 |
| 50:33 | Elite Female Villager · tribute_sent a jugador 5 |
| 50:33 | Elite Female Villager · tribute_sent a jugador 6 |
| 50:33 | Elite Female Villager · tribute_sent a jugador 7 |
| 50:53 | Lynx_at_Arms · tribute_sent a jugador 1 |
| 50:53 | Lynx_at_Arms · tribute_sent a jugador 2 |
| 50:53 | Lynx_at_Arms · tribute_sent a jugador 3 |
| 50:53 | Lynx_at_Arms · tribute_sent a jugador 5 |
| 50:53 | Lynx_at_Arms · tribute_sent a jugador 6 |
| 50:53 | Lynx_at_Arms · tribute_sent a jugador 7 |
| 50:53 | Lynx_at_Arms · tribute_sent a jugador 8 |
| 50:57 | Fantasy · wall_segment Stone Wall x8 |
| 51:20 | Lynx_at_Arms · wall_segment Stone Wall x3 |
| 51:33 | 直肠的冒险家习维尼 · tribute_sent a jugador 2 |
| 51:33 | 直肠的冒险家习维尼 · tribute_sent a jugador 3 |
| 51:33 | 直肠的冒险家习维尼 · tribute_sent a jugador 4 |
| 51:33 | 直肠的冒险家习维尼 · tribute_sent a jugador 5 |
| 51:33 | 直肠的冒险家习维尼 · tribute_sent a jugador 6 |
| 51:33 | 直肠的冒险家习维尼 · tribute_sent a jugador 7 |
| 51:33 | 直肠的冒险家习维尼 · tribute_sent a jugador 8 |
| 52:11 | Lynx_at_Arms · wall_segment Stone Wall x1 |
| 52:39 | 直肠的冒险家习维尼 · first_market_sell 500 wood |
| 52:43 | [KoFu] Might_lloll · resign |
[ ANÁLISIS IA · 1 CRÉDITO ]
¿Qué pasó realmente en esta partida?
Wolo.gg analiza cada decisión: build order, eco, micro, errores típicos por bracket. Análisis personalizado por WhatsApp o Discord en 30 segundos.
Guía civ
Bizantinos
Perfil
Jugador #22305201